Staline vs Saguenéens
(R1)
Created - October 12, 2018 at 19:35
Goals
|
| Staline |
0 |
0 |
1 |
1 |
| Saguenéens |
1 |
3 |
5 |
9 |
|
Shots
|
| Staline |
10 |
4 |
10 |
24 |
| Saguenéens |
5 |
10 |
14 |
29 |
|
1st period
1. Saguenéens , Kyle Brodziak 1 (Luke Witkowski 1, Nick Mattson 1) at 3:45 (PP)
Penalties :
Jordan Szwarz (StJ) for Roughing (Minor) at 2:58, Jordan Szwarz (StJ) for Hooking (Minor) at 8:18, Lars Eller (StJ) for Interference (Minor) at 15:32, Jiri Sekac (StJ) for Holding (Minor) at 17:50
2nd period
2. Saguenéens , Juraj Mikus 1 (Seth Jones 1) at 2:04
3. Saguenéens , Tobias Rieder 1 (Carl Hagelin 1, Seth Jones 2) at 5:37
4. Saguenéens , Nathan MacKinnon 1 (Robert Hagg 1) at 11:38
Penalties :
Jerry D'Amigo (Chi) for Tripping (Minor) at 3:54, Philip Larsen (StJ) for Attempt to injure (Major / Game Misconduct) at 4:05, Tobias Lindberg (StJ) for Roughing (Minor) at 13:19, Mike Reilly (StJ) for Cross-checking (Minor) at 16:21, Danny Kristo (StJ) for Interference (Minor) at 18:42
3rd period
5. Staline , Jordan Szwarz 1 (Nick Spaling 1, Lars Eller 1) at 2:24
6. Saguenéens , Nathan MacKinnon 2 (Luke Witkowski 2) at 3:56
7. Saguenéens , Nathan MacKinnon 3 (Seth Jones 3, Bobby Sanguinetti 1) at 4:36
8. Saguenéens , Craig Cunningham 1 (Seth Jones 4, Tobias Rieder 1) at 5:41
9. Saguenéens , Kerby Rychel 1 (Tanner Richard 1, Jerry D'Amigo 1) at 9:19
10. Saguenéens , Kyle Brodziak 2 (Mike Sauer 1, Carl Hagelin 2) at 17:28
Penalties :
Nikita Nesterov (StJ) for Hooking (Minor) at 10:32, Tanner Richard (Chi) for High sticking (Minor) at 12:42, Robert Hagg (Chi) for Hooking (Minor) at 19:25
Goalie Stats
Joni Ortio (StJ), 2 saves from 6 shots - (0.333), 17:41 minutes
Andrew Hammond (StJ), 18 saves from 23 shots - (0.783), L, 0-1-0, 42:19 minutes
Martin Jones (Chi), 23 saves from 24 shots - (0.958), W, 1-0-0, 60:00 minutes
Players Stats for Staline
Player Name G A P +/- PIM S H SB GA TA FO MP PP MP PK MP
------------------------------------------------------------------------------------
Alex Petrovic 0 0 0 -2 0 1 3 2 0 0 0/0 20:22 1:15 7:47
Bryan Bickell 0 0 0 -1 0 0 1 0 0 0 0/0 12:47 1:12 2:58
Cameron Gaunce 0 0 0 -3 0 0 1 3 0 0 0/0 26:56 1:27 10:29
Charles Hudon 0 0 0 -3 0 0 1 0 0 0 0/0 5:34 0:00 0:00
Corey Trivino 0 0 0 -1 0 1 3 0 0 1 10/14 11:10 1:12 0:00
Danny Kristo 0 0 0 -1 2 1 1 0 1 0 0/0 9:05 0:09 0:00
Jiri Sekac 0 0 0 -1 2 3 0 0 0 0 1/1 10:32 0:00 0:01
Jordan Szwarz 1 0 1 -2 4 3 1 0 0 0 0/0 19:28 1:12 5:07
Lars Eller 0 1 1 -1 2 2 3 2 0 1 8/20 24:28 1:12 8:23
Marek Zagrapan 0 0 0 -2 0 1 0 0 0 0 0/2 9:02 0:33 0:07
Mike Reilly 0 0 0 -4 2 0 1 0 0 0 0/0 18:20 2:00 1:06
Nick Spaling 0 1 1 -1 0 2 0 0 0 0 9/16 25:23 1:10 9:19
Nikita Nesterov 0 0 0 -3 2 2 1 1 0 1 0/0 18:21 0:00 4:12
Peter Holland 0 0 0 -2 0 1 1 0 0 0 1/2 9:59 0:00 3:47
Philip Larsen 0 0 0 0 15 5 2 0 0 1 0/0 11:08 0:10 3:53
Tobias Lindberg 0 0 0 -3 2 0 2 0 0 0 1/1 5:50 0:09 0:00
Tyler Pitlick 0 0 0 -2 0 2 4 0 0 2 1/2 17:59 1:23 6:00
Viktor Loov 0 0 0 -2 0 0 2 2 0 1 0/0 23:48 0:35 8:15
Players Stats for Saguenéens
Player Name G A P +/- PIM S H SB GA TA FO MP PP MP PK MP
------------------------------------------------------------------------------------
Bobby Sanguinetti 0 1 1 5 0 3 1 2 4 0 0/0 30:24 10:28 1:49
Calle Andersson 0 0 0 0 0 0 0 0 0 0 0/0 8:19 0:00 0:00
Carl Hagelin 0 2 2 4 0 2 3 0 0 0 0/3 23:45 9:26 0:31
Craig Cunningham 1 0 1 2 0 3 0 0 0 0 0/0 17:09 7:27 0:27
Dylan Labbe 0 0 0 1 0 0 0 0 0 0 0/0 3:20 0:03 0:00
Henrik Samuelsson 0 0 0 0 0 0 0 0 0 0 0/0 1:00 1:00 0:00
Jerry D'Amigo 0 1 1 0 2 0 1 0 0 1 0/0 8:11 0:49 0:00
Juraj Mikus 1 0 1 1 0 5 2 0 0 0 2/8 15:20 7:28 0:00
Kerby Rychel 1 0 1 0 0 1 0 0 0 0 0/0 7:23 0:00 0:00
Kyle Brodziak 2 0 2 2 0 3 4 0 1 0 11/25 22:22 9:26 1:39
Luke Witkowski 0 2 2 3 0 0 1 0 1 0 1/1 25:51 9:30 1:43
Mattias Janmark 0 0 0 0 0 0 0 0 0 0 0/0 0:53 0:53 0:00
Mike Sauer 0 1 1 2 0 1 1 2 0 0 0/0 20:40 7:14 0:55
Mikhail Grigorenko 0 0 0 0 0 0 0 0 0 0 0/0 0:40 0:03 0:37
Myles Bell 0 0 0 0 0 0 0 0 0 0 0/0 0:00 0:00 0:00
Nathan MacKinnon 3 0 3 3 0 3 1 0 0 0 10/15 12:21 0:00 0:00
Nick Mattson 0 1 1 2 0 0 2 1 0 0 0/0 20:40 7:14 0:55
Nick Paul 0 0 0 0 0 0 0 0 0 0 0/0 0:00 0:00 0:00
Rhett Rakhshani 0 0 0 1 0 0 1 0 1 0 0/1 7:37 0:00 0:00
Robert Hagg 0 1 1 0 2 0 1 0 0 0 0/0 9:02 0:34 0:00
Seth Jones 0 4 4 4 0 5 2 2 0 0 0/0 27:34 10:09 1:49
Tanner Richard 0 1 1 0 2 1 0 0 0 0 2/4 7:28 0:00 0:00
Teemu Pulkkinen 0 0 0 1 0 0 0 0 0 0 0/0 7:40 0:03 0:00
Tobias Rieder 1 1 2 3 0 2 2 0 0 0 1/1 17:46 7:28 0:31
3 Stars
1 - Nathan MacKinnon (Chi)
2 - Seth Jones (Chi)
3 - Kyle Brodziak (Chi)
Power Play
Staline - 0 on 3 Attempt(s) - 0.00%
Saguenéens - 1 on 9 Attempt(s) - 11.11%
Penalty Kill
Staline - 8 on 9 Attempt(s) - 88.89%
- Score 0 goal in Penalty Kill
Saguenéens - 3 on 3 Attempt(s) - 100.00%
- Score 0 goal in Penalty Kill
Team Stat
Staline - Hits : 27 - Faceoff Wins : 31 - Blocked Shots : 10 - Penalty Minutes : 31
Saguenéens - Hits : 22 - Faceoff Wins : 27 - Blocked Shots : 7 - Penalty Minutes : 6
Official
Referees : Unknown
Linesman : Unknown
Game Notes
Philip Larsen ejected from game at 4:05 of 2nd period
Joni Ortio enters game at 11:38 of 2nd period
Nathan MacKinnon has scored a Hat Trick!
Andrew Hammond enters game at 9:19 of 3rd period
Finance
Level 1 -- Attendance: 1329 (66.45%) -- Ticket Income $53,160
Level 2 -- Attendance: 672 (67.20%) -- Ticket Income $13,440
Total Attendance: 2001 (66.70%)
Total Ticket Income: $66,600
Other Income: $3,330
Total Income: $69,930
Staline
5 vs 5 Forward
Center Left Wing Right Wing Time % Phy DF OF
1 Lars Eller Nick Spaling Jordan Szwarz 40 1 2 2
2 Corey Trivino Jiri Sekac Tyler Pitlick 30 1 2 2
3 Marek Zagrapan Bryan Bickell Danny Kristo 20 1 2 2
4 Peter Holland Charles Hudon Tobias Lindberg 10 1 2 2
5 vs 5 Defense
Defense Defense Time % Phy DF OF
1 Cameron Gaunce Philip Larsen 40 1 2 2
2 Alex Petrovic Mike Reilly 30 1 2 2
3 Viktor Loov Nikita Nesterov 30 1 2 2
4 Cameron Gaunce Philip Larsen 0 1 2 2
PowerPlay Forward
Center Left Wing Right Wing Time % Phy DF OF
1 Lars Eller Nick Spaling Tyler Pitlick 60 1 2 2
2 Corey Trivino Bryan Bickell Jordan Szwarz 40 1 2 2
PowerPlay Defense
Defense Defense Time % Phy DF OF
1 Cameron Gaunce Philip Larsen 60 1 2 2
2 Alex Petrovic Viktor Loov 40 1 2 2
Penalty Kill 4 Players Forward
Center Wing Time % Phy DF OF
1 Nick Spaling Lars Eller 60 1 2 2
2 Tyler Pitlick Jordan Szwarz 40 1 2 2
Penalty Kill 4 Players Defense
Defense Defense Time % Phy DF OF
1 Cameron Gaunce Philip Larsen 60 1 2 2
2 Alex Petrovic Viktor Loov 40 1 2 2
Penalty Kill - 3 Players Forward
Forward Time % Phy DF OF
1 Nick Spaling 60 1 2 2
2 Lars Eller 40 1 2 2
Penalty Kill - 3 Players Defense
Defense Defense Time % Phy DF OF
1 Cameron Gaunce Philip Larsen 60 1 2 2
2 Alex Petrovic Viktor Loov 40 1 2 2
4 vs 4 Forward
Center Wing Time % Phy DF OF
1 Nick Spaling Lars Eller 60 1 2 2
2 Tyler Pitlick Jordan Szwarz 40 1 2 2
4 vs 4 Defense
Defense Defense Time % Phy DF OF
1 Cameron Gaunce Philip Larsen 60 1 2 2
2 Alex Petrovic Viktor Loov 40 1 2 2
Last Minutes Offensive
Center Left Wing Right Wing Defense Defense
Lars Eller Nick Spaling Tyler Pitlick Cameron Gaunce Philip Larsen
Last Minutes Defensive
Center Left Wing Right Wing Defense Defense
Lars Eller Nick Spaling Tyler Pitlick Cameron Gaunce Philip Larsen
Goaltenders
Starting : Andrew Hammond
Backup : Joni Ortio
Extra Forwards
Normal : Marek Zagrapan, Danny Kristo, Peter Holland - PP : Marek Zagrapan, Danny Kristo - PK : Peter Holland
Extra Defensemen
Normal : Mike Reilly, Nikita Nesterov, Alex Petrovic - PP : Mike Reilly - PK : Nikita Nesterov, Alex Petrovic
Penalty Shots
Nick Spaling, Lars Eller, Tyler Pitlick, Jordan Szwarz, Corey Trivino
Scratches
Tyler Lewington (Healthy), Andrey Pedan (Healthy), Sergey Tolchinsky (Healthy), Barclay Goodrow (Healthy), David Musil (Healthy)
Darcy Kuemper (Healthy)
Saguenéens
5 vs 5 Forward
Center Left Wing Right Wing Time % Phy DF OF
1 Nathan MacKinnon Carl Hagelin Luke Witkowski 40 1 2 2
2 Kyle Brodziak Craig Cunningham Tobias Rieder 30 1 2 2
3 Juraj Mikus Teemu Pulkkinen Rhett Rakhshani 20 1 2 2
4 Tanner Richard Kerby Rychel Jerry D'Amigo 10 1 2 2
5 vs 5 Defense
Defense Defense Time % Phy DF OF
1 Bobby Sanguinetti Seth Jones 40 1 2 2
2 Mike Sauer Nick Mattson 30 1 2 2
3 Robert Hagg Calle Andersson 20 1 2 2
4 Dylan Labbe Bobby Sanguinetti 10 1 2 2
PowerPlay Forward
Center Left Wing Right Wing Time % Phy DF OF
1 Kyle Brodziak Carl Hagelin Luke Witkowski 60 1 2 2
2 Juraj Mikus Craig Cunningham Tobias Rieder 40 1 2 2
PowerPlay Defense
Defense Defense Time % Phy DF OF
1 Bobby Sanguinetti Seth Jones 60 1 2 2
2 Mike Sauer Nick Mattson 40 1 2 2
Penalty Kill 4 Players Forward
Center Wing Time % Phy DF OF
1 Kyle Brodziak Luke Witkowski 60 1 2 2
2 Carl Hagelin Tobias Rieder 40 1 2 2
Penalty Kill 4 Players Defense
Defense Defense Time % Phy DF OF
1 Bobby Sanguinetti Seth Jones 60 1 2 2
2 Mike Sauer Nick Mattson 40 1 2 2
Penalty Kill - 3 Players Forward
Forward Time % Phy DF OF
1 Kyle Brodziak 60 1 2 2
2 Luke Witkowski 40 1 2 2
Penalty Kill - 3 Players Defense
Defense Defense Time % Phy DF OF
1 Bobby Sanguinetti Seth Jones 60 1 2 2
2 Mike Sauer Nick Mattson 40 1 2 2
4 vs 4 Forward
Center Wing Time % Phy DF OF
1 Kyle Brodziak Luke Witkowski 60 1 2 2
2 Carl Hagelin Tobias Rieder 40 1 2 2
4 vs 4 Defense
Defense Defense Time % Phy DF OF
1 Bobby Sanguinetti Seth Jones 60 1 2 2
2 Mike Sauer Nick Mattson 40 1 2 2
Last Minutes Offensive
Center Left Wing Right Wing Defense Defense
Kyle Brodziak Carl Hagelin Luke Witkowski Bobby Sanguinetti Seth Jones
Last Minutes Defensive
Center Left Wing Right Wing Defense Defense
Kyle Brodziak Carl Hagelin Luke Witkowski Bobby Sanguinetti Seth Jones
Goaltenders
Starting : Martin Jones
Backup : Joe Cannata
Extra Forwards
Normal : Henrik Samuelsson, Mattias Janmark, Mikhail Grigorenko - PP : Henrik Samuelsson, Mattias Janmark - PK : Mikhail Grigorenko
Extra Defensemen
Normal : Robert Hagg, Calle Andersson, Dylan Labbe - PP : Robert Hagg - PK : Calle Andersson, Dylan Labbe
Penalty Shots
Kyle Brodziak, Luke Witkowski, Carl Hagelin, Tobias Rieder, Juraj Mikus
Scratches
Patrick Sieloff (Healthy), Adam Erne (Healthy)
% Time on Ice - Staline
Lines # - Real PCT - Wanted PCT - Time Play
Normal Forward
1 - 37% - 40% - 13:52
2 - 26% - 30% - 9:58
3 - 22% - 20% - 8:13
4 - 15% - 10% - 5:34
Normal Defense
1 - 46% - 40% - 17:14
2 - 25% - 30% - 9:31
3 - 29% - 30% - 10:52
4 - 0% - 0% - 0:00
PP Forward
1 - 56% - 60% - 1:32
2 - 44% - 40% - 1:12
PP Defense
1 - 100% - 60% - 2:44
2 - 0% - 40% - 0:00
PK Forward
1 - 66% - 60% - 11:51
2 - 34% - 40% - 6:00
PK Defense
1 - 67% - 60% - 12:00
2 - 33% - 40% - 5:51
PK3 Forward
1 - 0% - 60%
2 - 0% - 40%
PK3 Defense
1 - 0% - 60%
2 - 0% - 40%
44 Forward
1 - 68% - 60% - 1:13
2 - 32% - 40% - 0:35
44 Defense
1 - 75% - 60% - 1:21
2 - 25% - 40% - 0:27
Last Minute Offensive - 0:00
Last Minute Defensive - 0:00
Total
Forward - 60:00
Defense - 60:00
|
% Time on Ice - Saguenéens
Lines # - Real PCT - Wanted PCT - Time Play
Normal Forward
1 - 36% - 40% - 13:22
2 - 25% - 30% - 9:15
3 - 20% - 20% - 7:37
4 - 20% - 10% - 7:23
Normal Defense
1 - 38% - 40% - 14:21
2 - 32% - 30% - 12:08
3 - 22% - 20% - 8:19
4 - 7% - 10% - 2:49
PP Forward
1 - 57% - 60% - 10:15
2 - 43% - 40% - 7:36
PP Defense
1 - 59% - 60% - 10:37
2 - 41% - 40% - 7:14
PK Forward
1 - 81% - 60% - 2:13
2 - 19% - 40% - 0:31
PK Defense
1 - 66% - 60% - 1:49
2 - 34% - 40% - 0:55
PK3 Forward
1 - 0% - 60%
2 - 0% - 40%
PK3 Defense
1 - 0% - 60%
2 - 0% - 40%
44 Forward
1 - 70% - 60% - 1:16
2 - 30% - 40% - 0:32
44 Defense
1 - 79% - 60% - 1:25
2 - 21% - 40% - 0:23
Last Minute Offensive - 0:00
Last Minute Defensive - 0:00
Total
Forward - 60:00
Defense - 60:00
|
Play by Play
1st period
0:01 of 1st period - Lars Eller wins face-off versus Nathan MacKinnon in neutral zone.
0:50 of 1st period - Juraj Mikus is hit by Danny Kristo and loses puck.
1:27 of 1st period - Wrist shot by Carl Hagelin.
1:27 of 1st period - Shot Misses the Net.
1:37 of 1st period - Snap shot by Nathan MacKinnon.
1:37 of 1st period - Shot Blocked by Lars Eller.
1:47 of 1st period - Nick Mattson is hit by Tyler Pitlick and loses puck.
2:58 of 1st period - Minor Penalty to Jordan Szwarz for Roughing.
2:59 of 1st period - Kyle Brodziak wins face-off versus Nick Spaling in Staline zone.
3:12 of 1st period - Slapshot by Carl Hagelin.
3:12 of 1st period - Shot Blocked by Cameron Gaunce.
3:22 of 1st period - Philip Larsen is hit by Kyle Brodziak and loses puck.
3:39 of 1st period - Snap shot by Carl Hagelin.
3:39 of 1st period - Shot Misses the Net.
3:45 of 1st period - Snap shot by Kyle Brodziak.
3:45 of 1st period - Goal by Kyle Brodziak - Staline : 0 - Saguenéens : 1.
3:46 of 1st period - Corey Trivino wins face-off versus Juraj Mikus in neutral zone.
4:11 of 1st period - Marek Zagrapan is hit by Kyle Brodziak and loses puck.
4:36 of 1st period - Wrist shot by Lars Eller.
4:36 of 1st period - Stopped by Martin Jones without a rebound.
4:37 of 1st period - Nathan MacKinnon wins face-off versus Lars Eller in Saguenéens zone.
4:37 of 1st period - Nathan MacKinnon is hit by Philip Larsen.
4:58 of 1st period - Slapshot by Cameron Gaunce.
4:58 of 1st period - Deflect By Nick Spaling.
4:58 of 1st period - Stopped by Martin Jones with a rebound.
5:00 of 1st period - Slapshot by Philip Larsen.
5:00 of 1st period - Stopped by Martin Jones without a rebound.
5:01 of 1st period - Juraj Mikus wins face-off versus Corey Trivino in Saguenéens zone.
5:08 of 1st period - Slapshot by Tyler Pitlick.
5:08 of 1st period - Stopped by Martin Jones without a rebound.
5:09 of 1st period - Corey Trivino wins face-off versus Nathan MacKinnon in Saguenéens zone.
6:04 of 1st period - Snap shot by Danny Kristo.
6:04 of 1st period - Stopped by Martin Jones without a rebound.
6:05 of 1st period - Corey Trivino wins face-off versus Carl Hagelin in Saguenéens zone.
6:21 of 1st period - Icing by Luke Witkowski.
6:22 of 1st period - Nathan MacKinnon wins face-off versus Lars Eller in Saguenéens zone.
6:31 of 1st period - Wrist shot by Lars Eller.
6:31 of 1st period - Shot Misses the Net.
6:33 of 1st period - Slapshot by Jordan Szwarz.
6:33 of 1st period - Shot Misses the Net.
6:35 of 1st period - Slapshot by Philip Larsen.
6:35 of 1st period - Deflect By Luke Witkowski.
6:35 of 1st period - Stopped by Martin Jones with a rebound.
6:37 of 1st period - Slapshot by Philip Larsen.
6:37 of 1st period - Deflect By Robert Hagg.
6:37 of 1st period - Stopped by Martin Jones with a rebound.
6:51 of 1st period - Snap shot by Tobias Rieder.
6:51 of 1st period - Stopped by Andrew Hammond with a rebound.
7:56 of 1st period - Wrist shot by Lars Eller.
7:56 of 1st period - Shot Blocked by Bobby Sanguinetti.
8:13 of 1st period - Slapshot by Bobby Sanguinetti.
8:13 of 1st period - Shot Misses the Net.
8:18 of 1st period - Minor Penalty to Jordan Szwarz for Hooking.
8:19 of 1st period - Nick Spaling wins face-off versus Juraj Mikus in Staline zone.
8:31 of 1st period - Snap shot by Juraj Mikus.
8:31 of 1st period - Shot Misses the Net.
8:33 of 1st period - Slapshot by Bobby Sanguinetti.
8:33 of 1st period - Deflect By Juraj Mikus.
8:33 of 1st period - Deflect By Lars Eller.
8:33 of 1st period - Stopped by Andrew Hammond without a rebound.
8:34 of 1st period - Nick Spaling wins face-off versus Kyle Brodziak in Staline zone.
10:18 of 1st period - Penalty to Jordan Szwarz is over, Jordan Szwarz is back on ice.
10:48 of 1st period - Viktor Loov is hit by Robert Hagg and loses puck.
10:59 of 1st period - Mike Sauer is hit by Viktor Loov and loses puck.
11:31 of 1st period - Wrist shot by Marek Zagrapan.
11:31 of 1st period - Stopped by Martin Jones without a rebound.
11:32 of 1st period - Juraj Mikus wins face-off versus Marek Zagrapan in Saguenéens zone.
13:54 of 1st period - Snap shot by Nikita Nesterov.
13:54 of 1st period - Stopped by Martin Jones with a rebound.
14:12 of 1st period - Alex Petrovic is hit by Mike Sauer and loses puck.
14:17 of 1st period - Slapshot by Juraj Mikus.
14:17 of 1st period - Stopped by Andrew Hammond without a rebound.
14:18 of 1st period - Nathan MacKinnon wins face-off versus Lars Eller in Staline zone.
14:52 of 1st period - Wrist shot by Jiri Sekac.
14:52 of 1st period - Stopped by Martin Jones without a rebound.
14:53 of 1st period - Kyle Brodziak wins face-off versus Lars Eller in Saguenéens zone.
15:26 of 1st period - Snap shot by Kyle Brodziak.
15:26 of 1st period - Shot Misses the Net.
15:28 of 1st period - Slapshot by Craig Cunningham.
15:28 of 1st period - Stopped by Andrew Hammond without a rebound.
15:29 of 1st period - Lars Eller wins face-off versus Nathan MacKinnon in Staline zone.
15:29 of 1st period - Lars Eller is hit by Carl Hagelin.
15:32 of 1st period - Minor Penalty to Lars Eller for Interference.
15:33 of 1st period - Nick Spaling wins face-off versus Kyle Brodziak in Staline zone.
15:33 of 1st period - Nick Spaling is hit by Kyle Brodziak.
16:20 of 1st period - Luke Witkowski is hit by Jordan Szwarz and loses puck.
17:32 of 1st period - Penalty to Lars Eller is over, Lars Eller is back on ice.
17:36 of 1st period - Jiri Sekac is hit by Tobias Rieder and loses puck.
17:50 of 1st period - Minor Penalty to Jiri Sekac for Holding.
17:51 of 1st period - Nick Spaling wins face-off versus Kyle Brodziak in Staline zone.
18:27 of 1st period - Mike Sauer is hit by Tyler Pitlick and loses puck.
18:34 of 1st period - Tyler Pitlick is hit by Carl Hagelin and loses puck.
19:19 of 1st period - Seth Jones is hit by Peter Holland and loses puck.
19:26 of 1st period - Peter Holland is hit by Jerry D'Amigo and loses puck.
19:50 of 1st period - Penalty to Jiri Sekac is over, Jiri Sekac is back on ice.
19:55 of 1st period - Robert Hagg is hit by Philip Larsen and loses puck.
Goals for this period are 0 for Staline vs 1 for Saguenéens.
Shots for this period are 10 for Staline vs 5 for Saguenéens.
2nd period
0:01 of 2nd period - Lars Eller wins face-off versus Carl Hagelin in neutral zone.
0:32 of 2nd period - Slapshot by Bobby Sanguinetti.
0:32 of 2nd period - Stopped by Andrew Hammond without a rebound.
0:33 of 2nd period - Kyle Brodziak wins face-off versus Corey Trivino in Staline zone.
0:40 of 2nd period - Kyle Brodziak is hit by Tyler Pitlick and loses puck.
0:55 of 2nd period - Slapshot by Craig Cunningham.
0:55 of 2nd period - Stopped by Andrew Hammond without a rebound.
0:56 of 2nd period - Lars Eller wins face-off versus Carl Hagelin in Staline zone.
1:00 of 2nd period - Icing by Jordan Szwarz.
1:01 of 2nd period - Nathan MacKinnon wins face-off versus Lars Eller in Staline zone.
1:08 of 2nd period - Jordan Szwarz is hit by Seth Jones and loses puck.
1:31 of 2nd period - Slapshot by Danny Kristo.
1:31 of 2nd period - Deflect By Marek Zagrapan.
1:31 of 2nd period - Shot Blocked by Seth Jones.
1:31 of 2nd period - Puck is out of play.
1:32 of 2nd period - Kyle Brodziak wins face-off versus Marek Zagrapan in Saguenéens zone.
1:57 of 2nd period - Jordan Szwarz is hit by Rhett Rakhshani and loses puck.
2:04 of 2nd period - Slapshot by Juraj Mikus.
2:04 of 2nd period - Goal by Juraj Mikus - Staline : 0 - Saguenéens : 2.
2:05 of 2nd period - Nathan MacKinnon wins face-off versus Lars Eller in neutral zone.
2:32 of 2nd period - Icing by Bobby Sanguinetti.
2:33 of 2nd period - Kyle Brodziak wins face-off versus Corey Trivino in Saguenéens zone.
2:33 of 2nd period - Kyle Brodziak is hit by Tyler Pitlick.
2:43 of 2nd period - Slapshot by Seth Jones.
2:43 of 2nd period - Stopped by Andrew Hammond with a rebound.
3:01 of 2nd period - Wrist shot by Lars Eller.
3:01 of 2nd period - Stopped by Martin Jones with a rebound.
3:03 of 2nd period - Wrist shot by Jordan Szwarz.
3:03 of 2nd period - Shot Misses the Net.
3:05 of 2nd period - Slapshot by Philip Larsen.
3:05 of 2nd period - Stopped by Martin Jones with a rebound.
3:24 of 2nd period - Wrist shot by Juraj Mikus.
3:24 of 2nd period - Shot Blocked by Cameron Gaunce.
3:26 of 2nd period - Wrist shot by Juraj Mikus.
3:26 of 2nd period - Shot Misses the Net.
3:40 of 2nd period - Slapshot by Philip Larsen.
3:40 of 2nd period - Shot Blocked by Mike Sauer.
3:42 of 2nd period - Snap shot by Philip Larsen.
3:42 of 2nd period - Stopped by Martin Jones without a rebound.
3:43 of 2nd period - Tobias Lindberg wins face-off versus Tanner Richard in Saguenéens zone.
3:52 of 2nd period - Wrist shot by Peter Holland.
3:52 of 2nd period - Shot Hit the Post.
3:54 of 2nd period - Minor Penalty to Jerry D'Amigo for Tripping.
3:55 of 2nd period - Kyle Brodziak wins face-off versus Nick Spaling in Saguenéens zone.
4:05 of 2nd period - Major / Game Misconduct Penalty to Philip Larsen for Attempt to injure.
4:05 of 2nd period - Philip Larsen is ejected from game.
4:06 of 2nd period - Nick Spaling wins face-off versus Kyle Brodziak in Staline zone.
4:56 of 2nd period - Off-side.
4:57 of 2nd period - Kyle Brodziak wins face-off versus Nick Spaling in neutral zone.
5:33 of 2nd period - Wrist shot by Carl Hagelin.
5:33 of 2nd period - Stopped by Andrew Hammond with a rebound.
5:35 of 2nd period - Wrist shot by Tobias Rieder.
5:35 of 2nd period - Shot Misses the Net.
5:37 of 2nd period - Snap shot by Tobias Rieder.
5:37 of 2nd period - Deflect By Tyler Pitlick.
5:37 of 2nd period - Goal by Tobias Rieder - Staline : 0 - Saguenéens : 3.
5:38 of 2nd period - Nick Spaling wins face-off versus Kyle Brodziak in neutral zone.
5:54 of 2nd period - Penalty to Jerry D'Amigo is over, Jerry D'Amigo is back on ice.
6:03 of 2nd period - Slapshot by Bobby Sanguinetti.
6:03 of 2nd period - Stopped by Andrew Hammond with a rebound.
6:30 of 2nd period - Snap shot by Tobias Rieder.
6:30 of 2nd period - Shot Blocked by Viktor Loov.
6:32 of 2nd period - Snap shot by Juraj Mikus.
6:32 of 2nd period - Stopped by Andrew Hammond without a rebound.
6:33 of 2nd period - Tyler Pitlick wins face-off versus Kyle Brodziak in Staline zone.
7:03 of 2nd period - Nick Spaling is hit by Juraj Mikus and loses puck.
7:14 of 2nd period - Snap shot by Lars Eller.
7:14 of 2nd period - Shot Misses the Net.
8:27 of 2nd period - Slapshot by Seth Jones.
8:27 of 2nd period - Shot Misses the Net.
8:29 of 2nd period - Slapshot by Robert Hagg.
8:29 of 2nd period - Shot Blocked by Alex Petrovic.
9:05 of 2nd period - Penalty to Philip Larsen is over, Tyler Pitlick is send on ice.
9:15 of 2nd period - Seth Jones is hit by Corey Trivino and loses puck.
9:54 of 2nd period - Wrist shot by Danny Kristo.
9:54 of 2nd period - Shot Misses the Net.
10:57 of 2nd period - Luke Witkowski is hit by Alex Petrovic and loses puck.
11:24 of 2nd period - Nathan MacKinnon is hit by Tobias Lindberg and loses puck.
11:33 of 2nd period - Mike Reilly is hit by Carl Hagelin and loses puck.
11:38 of 2nd period - Wrist shot by Nathan MacKinnon.
11:38 of 2nd period - Goal by Nathan MacKinnon - Staline : 0 - Saguenéens : 4.
11:38 of 2nd period - Joni Ortio enters game.
11:39 of 2nd period - Lars Eller wins face-off versus Kyle Brodziak in neutral zone.
12:01 of 2nd period - Icing by Lars Eller.
12:02 of 2nd period - Jiri Sekac wins face-off versus Juraj Mikus in Staline zone.
13:04 of 2nd period - Icing by Bobby Sanguinetti.
13:05 of 2nd period - Tanner Richard wins face-off versus Peter Holland in Saguenéens zone.
13:19 of 2nd period - Minor Penalty to Tobias Lindberg for Roughing.
13:20 of 2nd period - Kyle Brodziak wins face-off versus Nick Spaling in Staline zone.
13:46 of 2nd period - Lars Eller is hit by Juraj Mikus and loses puck.
15:19 of 2nd period - Penalty to Tobias Lindberg is over, Tobias Lindberg is back on ice.
15:39 of 2nd period - Jerry D'Amigo is hit by Nikita Nesterov and loses puck.
15:54 of 2nd period - Wrist shot by Peter Holland.
15:54 of 2nd period - Stopped by Martin Jones without a rebound.
15:55 of 2nd period - Peter Holland wins face-off versus Juraj Mikus in Saguenéens zone.
16:05 of 2nd period - Off-side.
16:06 of 2nd period - Nathan MacKinnon wins face-off versus Lars Eller in neutral zone.
16:18 of 2nd period - Seth Jones is hit by Mike Reilly and loses puck.
16:21 of 2nd period - Minor Penalty to Mike Reilly for Cross-checking.
16:22 of 2nd period - Nick Spaling wins face-off versus Kyle Brodziak in Staline zone.
16:49 of 2nd period - Jordan Szwarz is hit by Seth Jones.
18:21 of 2nd period - Penalty to Mike Reilly is over, Mike Reilly is back on ice.
18:42 of 2nd period - Minor Penalty to Danny Kristo for Interference.
18:43 of 2nd period - Nick Spaling wins face-off versus Juraj Mikus in Staline zone.
18:43 of 2nd period - Nick Spaling is hit by Tobias Rieder.
19:24 of 2nd period - Slapshot by Seth Jones.
19:24 of 2nd period - Stopped by Joni Ortio with a rebound.
Goals for this period are 0 for Staline vs 3 for Saguenéens.
Shots for this period are 4 for Staline vs 10 for Saguenéens.
3rd period
0:01 of 3rd period - Nick Spaling wins face-off versus Kyle Brodziak in neutral zone.
0:06 of 3rd period - Snap shot by Nick Spaling.
0:06 of 3rd period - Shot Blocked by Bobby Sanguinetti.
0:08 of 3rd period - Slapshot by Nikita Nesterov.
0:08 of 3rd period - Stopped by Martin Jones without a rebound.
0:09 of 3rd period - Kyle Brodziak wins face-off versus Nick Spaling in Saguenéens zone.
0:09 of 3rd period - Kyle Brodziak is hit by Lars Eller.
0:15 of 3rd period - Slapshot by Seth Jones.
0:15 of 3rd period - Shot Blocked by Cameron Gaunce.
0:25 of 3rd period - Bobby Sanguinetti is hit by Lars Eller.
0:42 of 3rd period - Penalty to Danny Kristo is over, Danny Kristo is back on ice.
0:46 of 3rd period - Nick Spaling is hit by Kyle Brodziak.
1:20 of 3rd period - Snap shot by Nick Spaling.
1:20 of 3rd period - Stopped by Martin Jones with a rebound.
1:22 of 3rd period - Slapshot by Alex Petrovic.
1:22 of 3rd period - Stopped by Martin Jones without a rebound.
1:23 of 3rd period - Corey Trivino wins face-off versus Juraj Mikus in Saguenéens zone.
1:30 of 3rd period - Wrist shot by Tyler Pitlick.
1:30 of 3rd period - Shot Blocked by Mike Sauer.
1:32 of 3rd period - Snap shot by Jiri Sekac.
1:32 of 3rd period - Stopped by Martin Jones without a rebound.
1:33 of 3rd period - Corey Trivino wins face-off versus Rhett Rakhshani in Saguenéens zone.
1:52 of 3rd period - Slapshot by Tyler Pitlick.
1:52 of 3rd period - Stopped by Martin Jones with a rebound.
1:54 of 3rd period - Wrist shot by Tyler Pitlick.
1:54 of 3rd period - Shot Blocked by Nick Mattson.
1:56 of 3rd period - Wrist shot by Tyler Pitlick.
1:56 of 3rd period - Deflect By Corey Trivino.
1:56 of 3rd period - Stopped by Martin Jones without a rebound.
1:57 of 3rd period - Lars Eller wins face-off versus Tanner Richard in Saguenéens zone.
2:06 of 3rd period - Snap shot by Jordan Szwarz.
2:06 of 3rd period - Stopped by Martin Jones without a rebound.
2:07 of 3rd period - Tanner Richard wins face-off versus Lars Eller in Saguenéens zone.
2:24 of 3rd period - Wrist shot by Jordan Szwarz.
2:24 of 3rd period - Goal by Jordan Szwarz - Staline : 1 - Saguenéens : 4.
2:25 of 3rd period - Nathan MacKinnon wins face-off versus Lars Eller in neutral zone.
3:56 of 3rd period - Wrist shot by Nathan MacKinnon.
3:56 of 3rd period - Goal by Nathan MacKinnon - Staline : 1 - Saguenéens : 5.
3:57 of 3rd period - Nathan MacKinnon wins face-off versus Lars Eller in neutral zone.
4:17 of 3rd period - Mike Reilly is hit by Nathan MacKinnon.
4:30 of 3rd period - Wrist shot by Nathan MacKinnon.
4:30 of 3rd period - Shot Misses the Net.
4:36 of 3rd period - Snap shot by Nathan MacKinnon.
4:36 of 3rd period - Goal by Nathan MacKinnon - Staline : 1 - Saguenéens : 6.
4:37 of 3rd period - Corey Trivino wins face-off versus Kyle Brodziak in neutral zone.
4:50 of 3rd period - Snap shot by Corey Trivino.
4:50 of 3rd period - Shot Misses the Net.
4:59 of 3rd period - Icing by Mike Sauer.
5:00 of 3rd period - Nathan MacKinnon wins face-off versus Lars Eller in Saguenéens zone.
5:13 of 3rd period - Wrist shot by Lars Eller.
5:13 of 3rd period - Shot Misses the Net.
5:25 of 3rd period - Slapshot by Mike Sauer.
5:25 of 3rd period - Stopped by Joni Ortio without a rebound.
5:26 of 3rd period - Corey Trivino wins face-off versus Kyle Brodziak in Staline zone.
5:41 of 3rd period - Wrist shot by Craig Cunningham.
5:41 of 3rd period - Goal by Craig Cunningham - Staline : 1 - Saguenéens : 7.
5:42 of 3rd period - Nathan MacKinnon wins face-off versus Lars Eller in neutral zone.
6:34 of 3rd period - Danny Kristo is hit by Nick Mattson and loses puck.
7:29 of 3rd period - Kyle Brodziak is hit by Cameron Gaunce and loses puck.
7:36 of 3rd period - Wrist shot by Tyler Pitlick.
7:36 of 3rd period - Shot Misses the Net.
7:38 of 3rd period - Snap shot by Jiri Sekac.
7:38 of 3rd period - Shot Blocked by Seth Jones.
7:40 of 3rd period - Slapshot by Cameron Gaunce.
7:40 of 3rd period - Deflect By Jiri Sekac.
7:40 of 3rd period - Stopped by Martin Jones with a rebound.
8:20 of 3rd period - Slapshot by Luke Witkowski.
8:20 of 3rd period - Deflect By Jordan Szwarz.
8:20 of 3rd period - Shot Blocked by Alex Petrovic.
8:20 of 3rd period - Puck is out of play.
8:21 of 3rd period - Corey Trivino wins face-off versus Kyle Brodziak in Staline zone.
9:19 of 3rd period - Wrist shot by Kerby Rychel.
9:19 of 3rd period - Goal by Kerby Rychel - Staline : 1 - Saguenéens : 8.
9:19 of 3rd period - Andrew Hammond enters game.
9:20 of 3rd period - Lars Eller wins face-off versus Nathan MacKinnon in neutral zone.
9:35 of 3rd period - Wrist shot by Seth Jones.
9:35 of 3rd period - Stopped by Andrew Hammond without a rebound.
9:36 of 3rd period - Tobias Rieder wins face-off versus Corey Trivino in Staline zone.
9:43 of 3rd period - Snap shot by Kyle Brodziak.
9:43 of 3rd period - Shot Misses the Net.
9:45 of 3rd period - Slapshot by Seth Jones.
9:45 of 3rd period - Stopped by Andrew Hammond with a rebound.
9:47 of 3rd period - Snap shot by Seth Jones.
9:47 of 3rd period - Shot Blocked by Viktor Loov.
9:49 of 3rd period - Wrist shot by Bobby Sanguinetti.
9:49 of 3rd period - Shot Misses the Net.
9:51 of 3rd period - Slapshot by Seth Jones.
9:51 of 3rd period - Deflect By Corey Trivino.
9:51 of 3rd period - Stopped by Andrew Hammond with a rebound.
10:20 of 3rd period - Teemu Pulkkinen is hit by Bryan Bickell and loses puck.
10:32 of 3rd period - Minor Penalty to Nikita Nesterov for Hooking.
10:33 of 3rd period - Kyle Brodziak wins face-off versus Nick Spaling in Staline zone.
10:33 of 3rd period - Slapshot by Luke Witkowski.
10:33 of 3rd period - Shot Blocked by Lars Eller.
10:35 of 3rd period - Slapshot by Bobby Sanguinetti.
10:35 of 3rd period - Stopped by Andrew Hammond without a rebound.
10:36 of 3rd period - Kyle Brodziak wins face-off versus Nick Spaling in Staline zone.
10:41 of 3rd period - Snap shot by Carl Hagelin.
10:41 of 3rd period - Stopped by Andrew Hammond with a rebound.
10:51 of 3rd period - Snap shot by Kyle Brodziak.
10:51 of 3rd period - Stopped by Andrew Hammond with a rebound.
12:32 of 3rd period - Penalty to Nikita Nesterov is over, Nikita Nesterov is back on ice.
12:42 of 3rd period - Minor Penalty to Tanner Richard for High sticking.
12:43 of 3rd period - Corey Trivino wins face-off versus Kyle Brodziak in Saguenéens zone.
13:48 of 3rd period - Cameron Gaunce is hit by Bobby Sanguinetti and loses puck.
14:40 of 3rd period - Kyle Brodziak is hit by Tobias Lindberg and loses puck.
14:42 of 3rd period - Penalty to Tanner Richard is over, Tanner Richard is back on ice.
14:51 of 3rd period - Peter Holland is hit by Nick Mattson and loses puck.
14:58 of 3rd period - Mike Sauer is hit by Charles Hudon and loses puck.
15:17 of 3rd period - Mike Sauer is hit by Corey Trivino and loses puck.
15:38 of 3rd period - Snap shot by Rhett Rakhshani.
15:38 of 3rd period - Shot Blocked by Nikita Nesterov.
16:08 of 3rd period - Bobby Sanguinetti is hit by Alex Petrovic and loses puck.
16:25 of 3rd period - Teemu Pulkkinen is hit by Viktor Loov and loses puck.
16:34 of 3rd period - Bobby Sanguinetti is hit by Corey Trivino and loses puck.
16:45 of 3rd period - Bobby Sanguinetti is hit by Lars Eller.
16:55 of 3rd period - Jerry D'Amigo is hit by Alex Petrovic and loses puck.
17:16 of 3rd period - Nick Spaling is hit by Luke Witkowski.
17:28 of 3rd period - Wrist shot by Kyle Brodziak.
17:28 of 3rd period - Goal by Kyle Brodziak - Staline : 1 - Saguenéens : 9.
17:29 of 3rd period - Corey Trivino wins face-off versus Nathan MacKinnon in neutral zone.
18:32 of 3rd period - Snap shot by Tanner Richard.
18:32 of 3rd period - Stopped by Andrew Hammond with a rebound.
18:52 of 3rd period - Wrist shot by Juraj Mikus.
18:52 of 3rd period - Shot Misses the Net.
18:54 of 3rd period - Slapshot by Juraj Mikus.
18:54 of 3rd period - Shot Misses the Net.
18:56 of 3rd period - Snap shot by Juraj Mikus.
18:56 of 3rd period - Stopped by Andrew Hammond with a rebound.
19:10 of 3rd period - Off-side.
19:11 of 3rd period - Luke Witkowski wins face-off versus Tyler Pitlick in neutral zone.
19:25 of 3rd period - Minor Penalty to Robert Hagg for Hooking.
19:26 of 3rd period - Lars Eller wins face-off versus Kyle Brodziak in Saguenéens zone.
19:59 of 3rd period - Slapshot by Jordan Szwarz.
19:59 of 3rd period - Stopped by Martin Jones with a rebound.
Goals for this period are 1 for Staline vs 5 for Saguenéens.
Shots for this period are 10 for Staline vs 14 for Saguenéens.
Back to the Top